 Dungeon Crawl Stone Soup version 0.29.1-1-gd02db6906a (webtiles) character file.

Game seed: 15957508894633312035

6091 sentinel the Thaumaturge (level 11, -6/91 HPs)
             Began as a Meteoran Earth Elementalist on Sept 30, 2022.
             Was a Follower of Cheibriados.
             Mangled by a cane toad (8 damage)
             ... on level 1 of the Lair of Beasts.
             The game lasted 00:23:38 (2587 turns).

sentinel the Thaumaturge (MeEE)                     Turns: 2587, Time: 00:23:38

Health: -6/91      AC: 12    Str: 13    XL:     11   Next: 33%
Magic:  7/27       EV: 13    Int: 23    God:    Cheibriados [*.....]
Gold:   0          SH:  5    Dex: 19    Spells: 23/33 levels left

rFire   . . .      SeeInvis .   n - staff of air {!a}
rCold   + . .      Faith    .   (no shield)
rNeg    . . .      Spirit   .   f - +0 steam dragon scales
rPois   .          Reflect  +   (no helmet)
rElec   +          Harm     .   (no cloak)
rCorr   .          Rampage  .   i - +1 pair of gloves
Will    +....                   g - +0 pair of boots
Stlth   +.........              o - amulet of reflection
HPRegen 0.25/turn               p - +4 ring of protection
MPRegen 0.20/turn               c - ring of protection from cold

@: lethally poisoned (-6 -> -22), glowing, very slow
A: sense surroundings 2, otherworldly, glowing, explore regen
a: Renounce Religion, Bend Time


You were on level 1 of the Lair of Beasts.
You worshipped Cheibriados.
Cheibriados was aware of your devotion.
You visited 3 branches of the dungeon, and saw 14 of its levels.

Inventory:

Missiles
 j - a curare-tipped dart
 r - a throwing net
Armour
 a - a +0 robe
 f - +0 steam dragon scales (worn)
 g - a +0 pair of boots (worn)
 i - a +1 pair of gloves (worn)
 u - a +0 buckler
Magical Staves
 n - a staff of air (weapon) {!a}
Jewellery
 c - a ring of protection from cold (right hand)
 o - an amulet of reflection (around neck)
 p - a +4 ring of protection (left hand)
Wands
 h - a wand of polymorph (9)
 I - a wand of iceblast (2)
 V - a wand of flame (23)
Scrolls
 z - a scroll of blinking
Potions
 b - a potion of magic
 d - a potion of might
 e - 2 potions of cancellation
 k - 2 potions of flight
 l - 2 potions of attraction
 m - a potion of berserk rage {unknown}
 q - 4 potions of curing
 s - 3 potions of lignification {unknown}
 t - 2 potions of ambrosia {unknown}
 w - 2 potions of heal wounds


   Skills:
 - Level 6.7 Fighting
 - Level 2.4 Dodging
 - Level 1.4 Stealth
 + Level 11.7 Spellcasting
 - Level 5.0 Conjurations
 - Level 7.0 Translocations
 - Level 4.0 Transmutations
 - Level 6.0 Earth Magic
 - Level 8.0 Invocations
 - Level 9.0 Evocations


You had 23 spell levels left.
You knew the following spells:

 Your Spells              Type           Power      Damage    Failure   Level
a - Sandblast             Erth           82%        2d17      1%          1
b - Stone Arrow           Conj/Erth      76%        3d11      1%          3
c - Passwall              Tmut/Erth      30%        N/A       1%          2
g - Apportation           Tloc           90%        N/A       1%          1
t - Teleport Other        Tloc           45%        N/A       1%          3

Your spell library contained the following spells:

 Spells                   Type           Power      Damage    Failure   Level
 Gell's Gravitas          Tloc           45%        N/A       1%          3
 Petrify                  Tmut/Erth      36%        N/A       6%          4
 Poisonous Vapours        Pois/Air       40%        N/A       7%          2
 Dispersal                Tloc           22%        N/A       38%         6
 Corpse Rot               Necr/Pois/Air  20%        N/A       43%         4
 Alistair's Intoxication  Tmut/Pois      14%        N/A       50%         5


Dungeon Overview and Level Annotations

Branches:
Dungeon (12/15) Zot: 7369  Temple (1/1) D:6 Zot: 753    Lair (1/5) D:8 Zot: 823
    Orc: D:9-12

Altars:
Ashenzari
Cheibriados
Dithmenos
Elyvilon
Gozag
Kikubaaqudgha
Makhleb
Nemelex Xobeh
Okawaru
Qazlal
Ru
Uskayaw
Vehumet
Xom
Yredelemnul
Zin

Shops:
D:6 [

Annotations:
D:4 1 runed translucent door, Larmestyx's ghost, novice DjFE


Innate Abilities, Weirdness & Mutations

You passively map the area around you.
You are easily found by Zot.
You glow in the dark.
You regain HP and MP as you explore.


Message History

Found a glowing dagger.
There is a staircase to the Lair here.
You climb downwards.
Welcome to the Lair of Beasts!
You feel an oppressive heat about you.
There is an entrance to a volcano on this level.
Hurry and find it before the entrance collapses!
Found a scroll of vulnerability.
There is a staircase back to the Dungeon here.
A polar bear comes into view.
Casting: Stone Arrow (safe; 1% risk of failure)
Confirm with . or Enter, or press ? or * to list all spells.
Aiming: Stone Arrow (safe; 1% risk of failure)
Press: ? - help, Shift-Dir - straight line, f - polar bear
Aim: a polar bear (81% to hit)
The stone arrow hits the polar bear!!
The polar bear is heavily wounded.
Casting: Stone Arrow (safe; 1% risk of failure)
Confirm with . or Enter, or press ? or * to list all spells.
You don't know that spell.
Casting: Stone Arrow (safe; 1% risk of failure)
Confirm with . or Enter, or press ? or * to list all spells.
Aiming: Stone Arrow (safe; 1% risk of failure)
Press: ? - help, Shift-Dir - straight line, f/p - polar bear
Aim: a polar bear (heavily wounded, 81% to hit)
The stone arrow hits the polar bear!!
The polar bear is almost dead.
The polar bear goes berserk!
The polar bear bites you! The polar bear barely misses you.
The polar bear claws you. The polar bear closely misses you.
The polar bear claws you. The polar bear barely misses you.
The polar bear bites you but does no damage.
You block the polar bear's attack. x2
The blast of sand hits the polar bear!!
You kill the polar bear!
Cheibriados appreciates the change of pace.
You can't see any susceptible monsters within range! (Use Z to cast anyway.)
You hear the slow rumble of an avalanche of rocks nearby.
A catoblepas comes into view.
Found 11 gold pieces.
The catoblepas bellows!
The cane toad enters a dispersal trap!
You blink.
A cane toad comes into view.
The cane toad blinks!
The cane toad moves out of view.
The catoblepas enters a dispersal trap!
You blink.
Casting: Sandblast (safe; 1% risk of failure)
Confirm with . or Enter, or press ? or * to list all spells.
Aiming: Stone Arrow (safe; 1% risk of failure)
Press: ? - help, Shift-Dir - straight line, f - catoblepas
Aim: a catoblepas (100% to hit)
The stone arrow hits the catoblepas.
The catoblepas is lightly wounded.
The catoblepas breathes a plume of calcifying dust at you.
The blast of calcifying dust hits you but does no damage.
The catoblepas attacks as you move away!
The catoblepas gores you.
Casting: Stone Arrow (safe; 1% risk of failure)
Confirm with . or Enter, or press ? or * to list all spells.
You don't know that spell.
Casting: Stone Arrow (safe; 1% risk of failure)
Confirm with . or Enter, or press ? or * to list all spells.
Aiming: Stone Arrow (safe; 1% risk of failure)
Press: ? - help, Shift-Dir - straight line, f/p - catoblepas
Aim: a catoblepas (calcifying dust, lightly wounded, 100% to hit)
The stone arrow hits the catoblepas!!
The catoblepas is moderately wounded.
The catoblepas breathes a plume of calcifying dust at you.
The blast of calcifying dust hits you but does no damage.
Casting: Stone Arrow (safe; 1% risk of failure)
Confirm with . or Enter, or press ? or * to list all spells.
Aiming: Stone Arrow (safe; 1% risk of failure)
Press: ? - help, Shift-Dir - straight line, f/p - catoblepas
Aim: a catoblepas (calcifying dust, moderately wounded, 100% to hit)
The stone arrow hits the catoblepas but does no damage.
The catoblepas is moderately wounded.
You are engulfed in calcifying dust.
You are slowing down.
The catoblepas breathes a plume of calcifying dust at you.
The blast of calcifying dust hits you but does no damage.
Unknown command.
Unknown command.
Unknown command.
Casting: Stone Arrow (safe; 1% risk of failure)
Confirm with . or Enter, or press ? or * to list all spells.
Aiming: Teleport Other (safe; 1% risk of failure)
Press: ? - help, Shift-Dir - straight line, f/p - catoblepas
Aim: a catoblepas (moderately wounded, chance to affect: 15%)
The catoblepas resists with almost no effort.
You are engulfed in calcifying dust.
The catoblepas barely misses you.
The catoblepas breathes a plume of calcifying dust at you.
The blast of calcifying dust hits you but does no damage.
Your limbs are stiffening.
Casting: Teleport Other (safe; 1% risk of failure)
Confirm with . or Enter, or press ? or * to list all spells.
Aiming: Teleport Other (safe; 1% risk of failure)
Press: ? - help, Shift-Dir - straight line, f/p - catoblepas
Aim: a catoblepas (moderately wounded, chance to affect: 15%)
The catoblepas resists with almost no effort.
The cane toad gives a loud, deep croak!
You are engulfed in calcifying dust.
The catoblepas breathes a plume of calcifying dust at you.
The blast of calcifying dust hits you.
You have turned to stone.
The catoblepas breathes a plume of calcifying dust at you.
The blast of calcifying dust hits you but does no damage.
You are engulfed in calcifying dust.
The catoblepas gores you!
You are engulfed in calcifying dust.
The catoblepas gores you!!
You are engulfed in calcifying dust.
The cane toad stings you! The catoblepas gores you!
The cane toad barely misses you.
You are engulfed in calcifying dust.
The catoblepas breathes a plume of calcifying dust at you.
The blast of calcifying dust hits you but does no damage.
The cane toad stings you but does no damage.
You are engulfed in calcifying dust.
The catoblepas gores you!! The cane toad stings you!
You are engulfed in calcifying dust.
The catoblepas gores you but does no damage.
The cane toad stings you.
You turn to flesh and can move again.
Unknown command.
Unknown command.
Casting: Teleport Other (safe; 1% risk of failure)
Confirm with . or Enter, or press ? or * to list all spells.
Aiming: Teleport Other (safe; 1% risk of failure)
Press: ? - help, Shift-Dir - straight line, f/p - catoblepas
Aim: a catoblepas (moderately wounded, chance to affect: 15%)
The catoblepas resists with almost no effort.
The cane toad barely misses you. The catoblepas gores you.
Casting: Teleport Other (safe; 1% risk of failure)
Confirm with . or Enter, or press ? or * to list all spells.
Aiming: Teleport Other (safe; 1% risk of failure)
Press: ? - help, Shift-Dir - straight line, f/p - catoblepas
Aim: a catoblepas (moderately wounded, chance to affect: 15%)
The catoblepas resists with almost no effort.
The cane toad stings you!
You are poisoned.
The cane toad poisons you! The catoblepas gores you!!
* * * LOW HITPOINT WARNING * * *
The cane toad barely misses you.
HP warning!
Casting: Teleport Other (safe; 1% risk of failure)
Confirm with . or Enter, or press ? or * to list all spells.
Aiming: Teleport Other (safe; 1% risk of failure)
Press: ? - help, Shift-Dir - straight line, f/p - catoblepas
Aim: a catoblepas (moderately wounded, chance to affect: 15%)
The catoblepas resists with almost no effort.
* * * LOW HITPOINT WARNING * * *
You feel very sick. The catoblepas gores you.
* * * LOW HITPOINT WARNING * * *
The cane toad stings you!
You die...

* # ###
.#.##.###.##########
* , ,
.....Y....§.........
#.................$,
, *
##...####...........
,
.....#####..........
* ........Y..........
, , ,*
§##..F@#####...### *
..## #...## *..## * *
* *..#.#####.§..###.*
... ,
*..................,
,.. , ,
*........§##.##.... ,
.. , ,
*.........####*P....,
,. ..........# .... ,
* .........#### ...,
,, ,.........##.###
..., , ,


You could see a catoblepas and a cane toad.

Vanquished Creatures
  A boulder beetle (D:11)
  A two-headed ogre (D:11)
  A manticore (D:9)
  A gargoyle (D:10)
  A komodo dragon (D:11)
  A troll (D:10)
  A polar bear (Lair:1)
  A hornet (D:8)
  A wraith (D:11)
  4 yaks (D:10)
  2 steam dragons (D:7)
  Menkaure (D:7)
  A water moccasin (D:6)
  An acid dragon (D:10)
  A black bear (D:6)
  3 orc warriors
  4 centaurs
  A kobold brigand (D:9)
  A gnoll sergeant (D:9)
  4 bullfrogs
  2 necrophages
  An electric eel (D:8)
  3 howler monkeys (D:10)
  3 hounds
  3 orc priests
  Jessica (D:2)
  4 iguanas
  An orc wizard (D:9)
  3 adders
  10 gnolls
  A white imp (D:5)
  8 orcs
  A bat (D:3)
  5 endoplasms
  5 goblins
  A hobgoblin (D:1)
  A ball python (D:2)
  A frilled lizard (D:2)
  A rat (D:2)
87 creatures vanquished.

Vanquished Creatures (others)
  A plant (D:2)
1 creature vanquished.

Grand Total: 88 creatures vanquished

Notes
Turn   | Place    | Note
-------+----------+-------------------------------------------
     0 | D:1      | sentinel the Meteoran Earth Elementalist began the quest
                  | for the Orb.
     0 | D:1      | Reached XP level 1. HP: 14/14 MP: 5/5
    59 | D:1      | Learned a level 1 spell: Apportation
   124 | D:1      | Reached XP level 2. HP: 20/20 MP: 3/6
   127 | D:1      | Learned a level 2 spell: Passwall
   152 | D:2      | Reached skill level 1 in Translocations
   187 | D:2      | Noticed Jessica
   192 | D:2      | Killed Jessica
   193 | D:2      | Reached XP level 3. HP: 26/26 MP: 1/8
   197 | D:2      | Learned a level 3 spell: Stone Arrow
   246 | D:3      | Reached XP level 4. HP: 31/33 MP: 5/9
   248 | D:3      | Reached skill level 1 in Conjurations
   290 | D:4      | Noticed a necrophage
   294 | D:4      | Killed a necrophage
   295 | D:4      | Reached skill level 5 in Earth Magic
   295 | D:4      | Reached XP level 5. HP: 32/38 MP: 7/10
   310 | D:4      | Found a runed translucent door.
   313 | D:4      | Noticed Larmestyx's ghost (novice DjFE)
   339 | D:5      | Entered Level 5 of the Dungeon
   360 | D:5      | Reached XP level 6. HP: 12/45 MP: 1/11
   471 | D:6      | Reached skill level 10 in Spellcasting
   471 | D:6      | Reached XP level 7. HP: 64/64 MP: 9/22
   495 | D:6      | Found a staircase to the Ecumenical Temple.
   524 | D:6      | Reached XP level 8. HP: 64/71 MP: 15/23
   594 | D:6      | Reached skill level 5 in Conjurations
   645 | D:6      | Found Mokauh's Antique Armour Shop.
   652 | D:7      | Noticed a steam dragon
   662 | D:7      | Killed a steam dragon
   679 | D:7      | Noticed Menkaure
   683 | D:7      | Killed Menkaure
   684 | D:7      | Reached skill level 1 in Invocations
   684 | D:7      | Gained mutation: You passively map the area around you.
                  | [Meteoran growth]
   684 | D:7      | Reached XP level 9. HP: 78/78 MP: 20/24
   755 | Temple   | Entered the Ecumenical Temple
   841 | Temple   | Became a worshipper of Cheibriados the Contemplative
   935 | D:8      | Found a shimmering altar of Xom.
   945 | D:8      | Noticed a hornet
   950 | D:8      | Killed a hornet
  1008 | D:9      | Reached skill level 5 in Invocations
  1032 | D:9      | Noticed a manticore
  1037 | D:9      | Killed a manticore
  1086 | D:9      | Reached XP level 10. HP: 84/84 MP: 19/25
  1096 | D:10     | Entered Level 10 of the Dungeon
  1118 | D:11     | Learned a level 3 spell: Teleport Other
  1129 | D:11     | Noticed a two-headed ogre
  1135 | D:11     | Killed a two-headed ogre
  1157 | D:10     | Found a white marble altar of Elyvilon.
  1201 | D:11     | Noticed a boulder beetle
  1209 | D:11     | Killed a boulder beetle
  1269 | D:11     | Noticed a komodo dragon
  1276 | D:11     | Killed a komodo dragon
  1277 | D:11     | Reached skill level 5 in Translocations
  1336 | D:10     | Reached * piety under Cheibriados
  1408 | D:10     | Noticed a gargoyle
  1411 | D:10     | Killed a gargoyle
  1412 | D:10     | Reached XP level 11. HP: 34/91 MP: 14/26
  1467 | D:10     | Reached skill level 11 in Spellcasting
  2200 | D:9      | Identified the +2 robe of Twilight {Regen+ MP+9}
  2261 | D:8      | Found a shimmering altar of Xom.
  2265 | D:8      | Found a shimmering altar of Xom.
  2265 | D:8      | Found a shimmering altar of Xom.
  2270 | D:8      | Found a shimmering altar of Xom.
  2513 | D:8      | Found a staircase to the Lair.
  2530 | Lair:1   | Entered Level 1 of the Lair of Beasts
  2570 | Lair:1   | Noticed a catoblepas
  2587 | Lair:1   | HP: 2/91 [catoblepas (3)]
  2587 | Lair:1   | Mangled by a cane toad

Illustrated notes

Levels and vault maps discovered:
D:1:      lightli_arrival_farm, layout_loops_ring,
          shapermc_ecumenical_altar_starsandcircs, minmay_crystal_room
D:2:      layout_rooms, serial_forest, infiniplex_forest_corner_1,
          infiniplex_forest_straight_2, infiniplex_forest_zigzag_2,
          infiniplex_forest_lined_room_2, infiniplex_forest_clump_curved,
          infiniplex_forest_clump_medium, infiniplex_forest_clump_small,
          infiniplex_forest_clump_diagonal, infiniplex_forest_end_1,
          solitary_fountain, minmay_mini_jars, uniq_jessica, uniq_terence
D:3:      layout_loops_ring, nicolae_overflow_ecumenical_swirl
D:4:      layout_gridville, mainiacjoe_overflow_alcove_1,
          hellmonk_ghost_happy_afterlife, minmay_increasing_density
D:5:      layout_loops_ring, uniq_sigmund, uniq_edmund
D:6:      layout_basic, minmay_temple_entry_from_below_b, serial_shops,
          nicolae_shop_hallway_stairs, abandoned_shop
D:7:      layout_basic, minmay_misc_feat_five, uniq_duvessa, uniq_menkaure
D:8:      layout_basic, nicolae_xom_altar_mimics, led_sif_book,
          worldfamousw_hep_ancestral_shrine, lair_entry_dummy, minmay_circle_x
D:9:      layout_irregular_city, st_stairs_3, grunt_ministairs_4,
          nicolae_straight_to_the_point
D:10:     layout_roguey, elyvilon_altar_5
D:11:     layout_small_grid, abandoned_shop
D:12:     layout_rooms, david_orc_2, uniq_erolcha
Temple:   eino_temple_scatter_basement
Lair:1:   layout_long_grid, nicolae_volcano_entry_two_sided

Skill      XL: |  1  2  3  4  5  6  7  8  9 10 11 |
---------------+----------------------------------+-----
Translocations | 2 3 6 7 |  7.0
Earth Magic    | 4 5 6 |  6.0
Conjurations   | 2 3 4 5 |  5.0
Fighting       | 6 |  6.7
Spellcasting   | 10 11 | 11.7
Evocations     | 7 9 |  9.0
Transmutations | 4 |  4.0
Invocations    | 1 6 8 |  8.0
Dodging        | |  2.4
Stealth        | |  1.4

Action                   |  1- 3 |  4- 6 |  7- 9 | 10-12 || total
-------------------------+-------+-------+-------+-------++-------
 Cast: Sandblast         |    15 |    38 |    27 |    29 ||   109
       Apportation       |     2 |     5 |     8 |    26 ||    41
       Passwall          |       |     5 |    15 |     9 ||    29
       Stone Arrow       |       |     5 |    36 |    66 ||   107
       Teleport Other    |       |       |       |    12 ||    12
Evoke: Wand              |       |       |     1 |     2 ||     3
  Use: Potion            |       |     3 |       |       ||     3
       Scroll            |       |     2 |     4 |     8 ||    14
Armor: Robe              |     1 |    11 |     8 |       ||    20
       Skin              |       |       |     1 |       ||     1
       Steam dragon scal |       |       |    14 |    35 ||    49
Dodge: Dodged            |     2 |    24 |    18 |    33 ||    77
Block: Other             |       |    12 |    11 |    11 ||    34
       Reflection        |       |       |       |     1 ||     1
